 Dungeon Crawl Stone Soup version 0.31-a0-920-g28cbb04a8c (webtiles) character file.

Game seed: 16112407606078529651

227 Ekaitz the Digger (level 6, -1/38 HPs)
             Began as an Octopode Earth Elementalist on Oct 17, 2023.
             Slain by a gnoll
             ... wielding a +0 club
             ... led by a gnoll bouda
              (4 damage)
             ... on level 3 of the Dungeon.
             The game lasted 00:08:02 (2615 turns).

Ekaitz the Digger (Octopode Earth Elementalist)     Turns: 2615, Time: 00:08:03

Health: -1/38      AC:  1    Str:  7    XL:     6   Next: 2%
Magic:  3/9        EV: 14    Int: 18    God:
Gold:   187        SH:  0    Dex: 14    Spells: 3/9 levels left

rFire   . . .        h - +0 dagger
rCold   . . .        (no shield)
rNeg    . . .        (helmet restricted)
rPois   .            (no amulet)
rElec   .            (no ring)
rCorr   .            (no ring)
SInv    .            (no ring)
Will    .....        (no ring)
Stlth   ++++         (no ring)
HPRegen 0.26/turn    (no ring)
MPRegen 0.11/turn    (no ring)
                     (no ring)

%: no passive effects
@: no status effects
A: almost no armour, amphibious, 8 rings, camouflage 1, gelatinous body 1,
(nimble swimmer 1), tentacles
a: no special abilities


You were on level 3 of the Dungeon.
You visited 1 branch of the dungeon, and saw 4 of its levels.

You collected 187 gold pieces.

Inventory:

Hand Weapons
 h - a +0 dagger (weapon)
 i - a +0 rapier
Missiles
 p - 7 poisoned darts
Armour
 u - a +0 buckler
Talismans
 b - a beast talisman
Scrolls
 e - 5 scrolls of teleportation {unknown}
 f - a scroll of amnesia {unknown}
 j - a scroll of fog {unknown}
 k - 2 scrolls of blinking {unknown}
 m - a scroll of enchant armour {unknown}
 n - a scroll of noise {unknown}
 q - a scroll of enchant weapon {unknown}
 r - 2 scrolls of identify {unknown}
 t - 2 scrolls of immolation
Potions
 a - a potion of magic
 c - a potion of heal wounds {unknown}
 d - a potion of brilliance {unknown}
 g - 4 potions of curing
 l - 2 potions of degeneration {unknown}
 o - a potion of attraction {unknown}
 s - a potion of enlightenment {unknown}


   Skills:
 * Level 1.5 Fighting
 + Level 1.0 Short Blades
 * Level 2.9 Dodging
 + Level 4.1 Stealth
 + Level 2.3 Spellcasting
 * Level 1.3 Conjurations
 + Level 1.1 Transmutations
 * Level 4.1 Earth Magic
 * Level 1.3 Shapeshifting


You had 3 spell levels left.
You knew the following spells:

 Your Spells              Type           Power      Damage    Failure   Level
a - Sandblast             Erth           34%        2d9       3%          1
b - Passwall              Tmut/Erth      9%         N/A       9%          2
c - Stone Arrow           Conj/Erth      24%        3d8       17%         3

Your spell library contained the following spells:

 Spells                   Type           Power      Damage    Failure   Level
 Lesser Beckoning         Tloc           4%         N/A       26%         2
 Gell's Gravitas          Tloc           2%         N/A       45%         3
 Teleport Other           Tloc           2%         N/A       45%         3
 Brom's Barrelling Bould  Conj/Erth      12%        2d4       50%         4
 Petrify                  Tmut/Erth      11%        N/A       52%         4
 Lehudib's Crystal Spear  Conj/Erth      6%         10d3      100%        8
 Animate Armour           Summ/Erth      Unusable   N/A       N/A         4

Dungeon Overview and Level Annotations

Branches:
Dungeon (4/15)
 Temple: D:4-7

Altars:
Xom


Innate Abilities, Weirdness & Mutations

You cannot wear most types of armour.
You are amphibious.
You can wear up to eight rings at the same time.
Your skin changes colour to match your surroundings (Stealth+).
Your rubbery body absorbs attacks. (AC +1, EV +1)
((You are camouflaged when in or above water. (Stealth+)))
You have tentacles for arms and can constrict up to eight enemies at once.


Message History

You constrict the gnoll, but do no damage.
The gnoll closely misses you.
The gnoll hits the plant with a +0 club.
Unknown command.
You barely miss the gnoll bouda. Your grab misses the gnoll bouda.
You constrict the gnoll. The gnoll barely misses you.
The gnoll hits the plant with a +0 club!
Unknown command.
Casting: Stone Arrow (quite dangerous; 17% risk of failure)
Confirm with . or Enter, or press ? or * to list all spells.
Okay, then.
Casting: Stone Arrow (quite dangerous; 17% risk of failure)
Confirm with . or Enter, or press ? or * to list all spells.
Aiming: Sandblast (safe; 3% risk of failure)
Press: ? - help, Shift-Dir - straight line, f - gnoll, p - gnoll
Aim: a gnoll, wielding a +0 club (heavily wounded, covering ground quickly, 84% to hit)
The blast of sand misses the gnoll.
The blast of sand hits the gnoll!
You kill the gnoll!
Your attacks no longer feel as feeble.
You constrict the gnoll.
A nearby plant withers and dies.
The gnoll hits you with a +3 flail of protection!
The gnoll bouda barely misses you. The gnoll closely misses you.
The gnoll barely misses you.
The gnoll bouda hits you with a +0 whip!
* * * LOW HITPOINT WARNING * * *
The gnoll hits you with a +0 club.
* * * LOW HITPOINT WARNING * * *
Your Short Blades skill increases to level 1!
You have reached level 6!
Unknown command.
Okay, then.
It was a potion of curing.
You feel better.
You constrict the gnoll, but do no damage.
A nearby plant withers and dies.
The gnoll hits you with a +3 flail of protection!
* * * LOW HITPOINT WARNING * * *
The gnoll bouda hits you with a +0 whip.
* * * LOW HITPOINT WARNING * * *
The gnoll hits you with a +0 club.
You die...

###.....#..(.#......#
.......####..#......#
...............$....###.
...)...##...........#...
.......##...............
_.......#...$..####....#
...............##....######
..........................#
......)#.......g@g........#
............#...g..P......#
........##....P.)...P.....#
....#.........PP.....b#.#
#.............PP..P.P.#.#
...###........P.....P.#.#
....##......!.P...PPP.#.#
...........#...P.PPP..#.###
. ..###......#
#.......##...##.##


You could see a gnoll bouda and 2 gnolls.

Vanquished Creatures
  An ogre (D:2)
  Jessica (D:3)
  An orc wizard (D:3)
  2 gnolls (D:3)
  An adder (D:2)
  A worm (D:2)
  2 dart slugs
  3 orcs (D:3)
  11 ball pythons
  4 bats
  6 endoplasms
  A giant cockroach (D:2)
  7 goblins
  4 hobgoblins
  6 kobolds
  A quokka (D:1)
  2 frilled lizards
  4 rats
58 creatures vanquished.

Notes
Turn   | Place    | Note
-------+----------+-------------------------------------------
     0 | D:1      | Ekaitz the Octopode Earth Elementalist began the quest for
                  | the Orb.
     0 | D:1      | Reached XP level 1. HP: 11/11 MP: 3/3
   262 | D:1      | Reached XP level 2. HP: 18/18 MP: 5/5
   441 | D:1      | Learned a level 2 spell: Passwall
   893 | D:2      | Noticed an ogre
   970 | D:2      | Reached XP level 3. HP: 22/22 MP: 6/6
   974 | D:2      | Learned a level 3 spell: Stone Arrow
  1281 | D:2      | Killed an ogre
  1282 | D:2      | Reached skill level 1 in Fighting
  1282 | D:2      | Reached XP level 4. HP: 28/28 MP: 4/7
  1282 | D:2      | Reached XP level 5. HP: 33/33 MP: 4/8
  1454 | D:2      | Reached skill level 1 in Conjurations
  2146 | D:3      | Found a faded altar of an unknown god.
  2226 | D:3      | Found a shimmering altar of Xom.
  2270 | D:3      | Noticed Jessica
  2364 | D:3      | Reached skill level 1 in Shapeshifting
  2536 | D:3      | Killed Jessica
  2615 | D:3      | Reached skill level 1 in Short Blades
  2615 | D:3      | Reached XP level 6. HP: 6/38 MP: 3/9
  2615 | D:3      | Slain by a gnoll

Illustrated notes

Levels and vault maps discovered:
D:1:      dpeg_arrival_water_temple_mockup, layout_loops_ring, serial_forest,
          infiniplex_forest_lined_corner, infiniplex_forest_lined_1,
          infiniplex_forest_lined_2, infiniplex_forest_lined_room_3,
          infiniplex_forest_lined_corner, infiniplex_forest_end_2
D:2:      minmay_razor_zed, layout_loops_cross
D:3:      layout_rooms, xom_butterflies, hellmonk_ecumenical_altar_blasted,
          nicolae_grassy_gnolls, uniq_jessica
D:4:      layout_basic, nicolae_elevator_lobby_asterisk

Skill      XL: |  1  2  3  4  5 |
---------------+----------------+-----
Stealth        | 3 4 |  4.1
Fighting       | 1 |  1.5
Earth Magic    | 4 |  4.1
Conjurations   | 1 |  1.3
Shapeshifting  | 1 |  1.3
Short Blades   | 1 |  1.0
Dodging        | |  2.9
Spellcasting   | |  2.3
Transmutations | |  1.1

Action                     |  1- 3 |  4- 6 || total
---------------------------+-------+-------++-------
  Melee: Dagger            |    11 |    55 ||    66
         Tentacles         |     3 |     9 ||    12
         Unarmed           |     1 |       ||     1
         Constrict         |     1 |    14 ||    15
         Punch             |       |     2 ||     2
   Cast: Sandblast         |    18 |     3 ||    21
         Passwall          |     2 |     8 ||    10
         Stone Arrow       |       |     5 ||     5
    Use: Potion            |       |     1 ||     1
   Stab: Distracted        |     1 |       ||     1
         Sleeping          |     6 |    14 ||    20
 Armour: Skin              |     1 |    27 ||    28
  Dodge: Dodged            |     2 |    32 ||    34

Table legend: (Time is in decaauts)
 A = Elapsed time spent in this place.
 B = Non-inter-level travel time spent in this place.
 C = Inter-level travel time spent in this place.
 D = Time resting spent in this place.
 E = Time spent auto-exploring this place.
 F = Levels seen in this place.
 G = Mean time per level.
                   A        B        C        D        E       F      G
               +--------+--------+--------+--------+--------+-----+--------+
         Total |   2624 |   2453 |    171 |     53 |   1648 |   4 |  656.0 |
       Dungeon |   2624 |   2453 |    171 |     53 |   1648 |   4 |  656.0 |
               +--------+--------+--------+--------+--------+-----+--------+

Top non-repeatable levels by time:
     D:2: 1086 daAuts
     D:1: 972 daAuts
     D:3: 556 daAuts
     D:4: 8 daAuts
